AoeStats
← Pooh1818

Socotra

505512319Analyzed
4v4 RM · 24d ago on Sep 9, 2026· 34m 25s· 8 players
Game mode
Random Map
Map size
148×148
Population
200
Speed
Normal
Resources
Standard
Victory
Conquest
Starting age
Dark Age
Ending age
Imperial Age
RankedLock teamsTeams togetherTeam positionsShared explorationLock speedFull tech treeHidden civsTurbo modeCheats
Victory
Defeat
🇧🇷 Maya · Brazil
1048
+18
🇵🇪 Spanish · Peru
1035
+19
🇦🇷 Inca · Argentina
1014
+19
🇨🇳 Persians · China
1006
+20
🇹🇷 Mongols · Türkiye
1174
-22
🇨🇳 Franks · China
1086
-19
🇩🇪 Goths · Germany
1066
-18
🇹🇷 Ethiopians · Türkiye
1036
-17
MrSoider
0:29 Loom
9:44 Feudal Age
13:16 Wheelbarrow
20:00 Castle Age
17:59 Fletching
18:40 Padded Archer Armor
19:22 Gold Mining
19:37 Double-Bit Axe
20:29 Crossbowman
21:04 Horse Collar
21:38 Bow Saw
22:37 Bodkin Arrow
23:23 Elite Skirmisher
25:37 Thumb Ring
28:48 Ballistics
29:36 Leather Archer Armor
30:18 Hand Cart
DrSpyGut
10:15 Loom
12:00 Feudal Age
15:53 Castle Age
15:00 Double-Bit Axe
18:12 Wheelbarrow
20:57 Padded Archer Armor
24:56 Leather Archer Armor
27:18 Husbandry
30:50 Bow Saw
30:47 Fletching
31:43 Bodkin Arrow
king vitt
0:30 Loom
16:23 Feudal Age
18:16 Man-at-Arms
20:41 Arson
21:23 Double-Bit Axe
24:06 Scale Mail Armor
24:17 Forging
25:26 Horse Collar
31:14 Castle Age
31:05 Pikeman
[TodEs H] Ovejita Eléctrica
3:13 Loom
13:37 Feudal Age
14:16 Feudal Age
14:20 Champi Runner
14:51 Double-Bit Axe
14:47 Horse Collar
14:58 Gold Mining
15:00 Arson
16:47 Forging
22:31 Town Watch
29:37 Castle Age
28:01 Scale Mail Armor
29:58 Champi Warrior
31:25 Chain Mail Armor
31:45 Iron Casting
Pooh1818
7:21 Loom
9:06 Feudal Age
14:06 Double-Bit Axe
14:32 Fletching
15:57 Padded Archer Armor
16:42 Horse Collar
22:30 Castle Age
23:29 Elite Skirmisher
24:49 Bodkin Arrow
Nothing but Hate
0:58 Loom
11:31 Feudal Age
16:40 Castle Age
16:03 Horse Collar
16:10 Double-Bit Axe
19:33 Bow Saw
19:25 Heavy Plow
19:19 Gold Mining
21:07 Wheelbarrow
20:59 Stone Mining
23:37 Hand Cart
26:48 Pikeman
27:32 Squires
30:34 Imperial Age
30:43 Forging
30:33 Scale Mail Armor
31:15 Perfusion
e4gl3
0:30 Loom
22:45 Feudal Age
24:23 Double-Bit Axe
24:24 Horse Collar
lotus
11:01 Feudal Age
9:45 Loom
13:45 Double-Bit Axe
19:41 Castle Age
23:43 Bow Saw
23:43 Husbandry
29:59 Light Cavalry
Connection lost

Rejoining the realm…

Still unreachable

The connection could not be restored.

Session expired

The server has moved on; the page needs a fresh start.